 Dungeon Crawl Stone Soup version 0.31.0-9-g3a7656b989 (webtiles) character file.

Game seed: 8040765065756342165

357 qw the Skirmisher (level 6, -3/35 HPs)
             Began as a Deep Elf Hunter on Feb 2, 2024.
             Succumbed to a scorpion's poison
             ... on level 5 of the Dungeon.
             The game lasted 00:00:13 (3386 turns).

qw the Skirmisher (Deep Elf Hunter)                 Turns: 3386, Time: 00:00:14

Health: -3/35      AC:  7    Str: 10    XL:     6   Next: 36%
Magic:  8/8        EV: 11    Int: 14    God:
Gold:   206        SH:  0    Dex: 18    Spells: 5/5 levels left

rFire   . . .        a - +0 shortbow
rCold   . . .        (shield currently unavailable)
rNeg    . . .        i - +1 ring mail
rPois   .            (no helmet)
rElec   .            (no cloak)
rCorr   .            b - +0 pair of gloves
SInv    +            (no boots)
Will    .....        g - amulet of faith
Stlth   +            e - ring of see invisible
HPRegen 0.25/turn    (no ring)
MPRegen 0.11/turn

%: faith
@: lethally poisoned (-3 -> -20)
A: no striking features
a: no special abilities


You were on level 5 of the Dungeon.
You visited 1 branch of the dungeon, and saw 5 of its levels.

You collected 206 gold pieces.


   Skills:
 - Level 2.1 Fighting
 + Level 9.9 Ranged Weapons
 - Level 2.4 Dodging
 - Level 1.2 Stealth


You had 5 spell levels left.
You didn't know any spells.
Your spell library was empty.

Inventory:

Hand Weapons
 a - a +0 shortbow (weapon)
Armour
 b - a +0 pair of gloves (worn)
 i - a +1 ring mail (worn)
Jewellery
 e - a ring of see invisible (left hand)
 g - an amulet of faith (around neck)
Scrolls
 c - a scroll of identify
Potions
 d - a potion of resistance
 f - a potion of magic {unknown}
 l - a potion of might

Dungeon Overview and Level Annotations

Branches:
Dungeon (5/15)
 Temple: D:4-7

Altars:
Gozag
Nemelex Xobeh
Sif Muna

Shops:
D:2 (   D:3 :


Message History

You shoot an arrow.
The arrow completely misses the scorpion.
The scorpion barely misses you.
You shoot an arrow. The arrow barely misses the scorpion.
The scorpion closely misses you.
You shoot an arrow. The arrow hits the scorpion.
The scorpion is heavily wounded.
The scorpion misses you.
The scorpion stings you but does no damage.
You shoot an arrow.
The arrow hits the scorpion but does no damage.
The scorpion is heavily wounded.
The scorpion stings you.
You are poisoned.
The scorpion poisons you!
You shoot an arrow. The arrow barely misses the scorpion.
You feel very sick. The scorpion barely misses you.
You shoot an arrow.
The arrow hits the scorpion but does no damage.
The scorpion is heavily wounded.
You feel sick. The scorpion stings you. x2
You are lethally poisoned!
The scorpion poisons you!
You shoot an arrow. The arrow closely misses the scorpion.
You feel very sick. The scorpion misses you.
You shoot an arrow. The arrow hits the scorpion.
The scorpion is severely wounded.
You feel very sick. The scorpion stings you.
You are more poisoned.
The scorpion poisons you!
You shoot an arrow. The arrow closely misses the scorpion.
You feel very sick. The scorpion closely misses you.
You shoot an arrow.
The arrow hits the scorpion but does no damage.
The scorpion is severely wounded.
You die...

.#.# ..####. .# ....
..###.......##.. ....
#..#.....##.....
.....
#........###.##. ...
##.......# #..... ...
#........# #.....
#.##........###.....
##..#........##..##.#
#...@........##.#####
#...s.......##.......
##...............####
#.##.....#.....##
#........#.....#
........###.#.!#
.........# ###..#
.....#....# ...#
##..# ....


You could see a scorpion.

Vanquished Creatures
  A howler monkey (D:4)
  A hound (D:4)
  2 orc priests
  3 orc wizards
  5 adders
  A gnoll (D:1)
  3 dart slugs
  14 orcs
  3 ball pythons
  3 bats
  4 endoplasms
  3 giant cockroaches
  3 goblins (D:1)
  7 hobgoblins
  10 jackals
  6 kobolds
  3 quokkas
  9 rats
81 creatures vanquished.

Notes
Turn   | Place    | Note
-------+----------+-------------------------------------------
     0 | D:1      | qw the Deep Elf Hunter began the quest for the Orb.
     0 | D:1      | Reached XP level 1. HP: 12/12 MP: 3/3
     0 | D:1      | 0 ||| qw: Version: 0.3-a-155-g5e7d8dd
     0 | D:1      | 0 ||| qw: Game counter: 1381
     0 | D:1      | 0 ||| qw: Melee chars always use a shield: true
     0 | D:1      | 0 ||| qw: God list: Okawaru
     0 | D:1      | 0 ||| qw: Allow faded altars: false
     0 | D:1      | 0 ||| qw: Do Orc after clearing Dungeon:15 true
     0 | D:1      | 0 ||| qw: Do second Lair branch before Depths: true
     0 | D:1      | 0 ||| qw: Lair rune preference: random
     0 | D:1      | 0 ||| qw: Goals: Normal
     0 | D:1      | 0 ||| PLANNING D:1-11
   127 | D:1      | Reached skill level 6 in Ranged Weapons
   127 | D:1      | Reached XP level 2. HP: 15/16 MP: 4/4
   381 | D:1      | Reached XP level 3. HP: 20/20 MP: 5/5
   522 | D:1      | Reached skill level 7 in Ranged Weapons
   566 | D:1      | 566 ||| UPGRADING to +0 ring mail.
   576 | D:1      | 576 ||| DROPPING +0 leather armour.
   577 | D:1      | 577 ||| READING scroll labelled WAIFRO RINKUO.
   678 | D:1      | 678 ||| READING scroll labelled BEWAHO BONA.
   679 | D:1      | 679 ||| READING scroll labelled SULESHROECS.
   679 | D:1      | 679 ||| ENCHANTING +0 ring mail.
   680 | D:1      | 680 ||| READING 3 scrolls labelled MAMIEV JETHUGG.
   680 | D:1      | 680 ||| IDENTIFYING green potion
   681 | D:1      | 681 ||| READING 2 scrolls of identify.
   681 | D:1      | 681 ||| IDENTIFYING ruby potion
   682 | D:1      | 682 ||| READING scroll of identify.
   682 | D:1      | 682 ||| IDENTIFYING bubbling pink potion
   683 | D:1      | 683 ||| DROPPING scroll of butterflies.
   684 | D:1      | 684 ||| DROPPING potion of degeneration.
   714 | D:2      | Found Xajar's Weapon Shop.
   987 | D:2      | Reached XP level 4. HP: 13/25 MP: 6/6
  1085 | D:2      | Found a faded altar of an unknown god.
  1461 | D:2      | 1461 ||| UPGRADING to +0 pair of gloves.
  1495 | D:3      | Found Gotybar's Book Shop.
  1527 | D:3      | Reached skill level 8 in Ranged Weapons
  1536 | D:3      | Reached XP level 5. HP: 10/29 MP: 7/7
  2078 | D:3      | Found a shimmering blue altar of Sif Muna.
  2353 | D:3      | 2353 ||| UPGRADING to amulet of faith.
  2358 | D:3      | 2358 ||| UPGRADING to ring of see invisible.
  2359 | D:3      | 2359 ||| READING 5 scrolls of identify.
  2359 | D:3      | 2359 ||| IDENTIFYING fizzy black potion
  2360 | D:3      | 2360 ||| READING 4 scrolls of identify.
  2360 | D:3      | 2360 ||| IDENTIFYING amethyst potion
  2361 | D:3      | 2361 ||| READING 3 scrolls of identify.
  2361 | D:3      | 2361 ||| IDENTIFYING scroll labelled EHUPAB WUVABLI
  2362 | D:3      | 2362 ||| DROPPING potion of brilliance.
  2363 | D:3      | 2363 ||| DROPPING potion of ambrosia.
  2422 | D:4      | Reached skill level 9 in Ranged Weapons
  2424 | D:4      | HP: 7/29 [orc/+0 club (4)]
  2425 | D:4      | 2425 ||| READING scroll of teleportation.
  2425 | D:4      | HP: 3/29 [orc/+0 mace (5)]
  2426 | D:4      | 2426 ||| DRINKING 2 potions of heal wounds.
  2595 | D:4      | Reached XP level 6. HP: 35/35 MP: 8/8
  2750 | D:4      | 2750 ||| DRINKING 2 potions of curing.
  2750 | D:4      | 2750 ||| (to cure confusion)
  2757 | D:4      | HP: 6/35 [orc priest/+0 short sword (4)]
  2758 | D:4      | 2758 ||| DRINKING potion of heal wounds.
  2765 | D:4      | 2765 ||| DRINKING potion of curing.
  2765 | D:4      | 2765 ||| (to cure confusion)
  3204 | D:4      | Found a sparkling altar of Nemelex Xobeh.
  3205 | D:4      | Found an opulent altar of Gozag.
  3217 | D:4      | 3217 ||| READING 3 scrolls of identify.
  3217 | D:4      | 3217 ||| IDENTIFYING lumpy cyan potion
  3218 | D:4      | 3218 ||| READING 2 scrolls of identify.
  3218 | D:4      | 3218 ||| IDENTIFYING lumpy white potion
  3219 | D:4      | 3219 ||| READING scroll of identify.
  3219 | D:4      | 3219 ||| IDENTIFYING 2 clear potions
  3220 | D:4      | 3220 ||| READING scroll labelled GUECWE DEBUE.
  3221 | D:4      | 3221 ||| READING scroll labelled UMOPTO ETEGUARCH.
  3222 | D:4      | 3222 ||| READING scroll labelled KEAMEI BYACABICIE.
  3283 | D:4      | 3283 ||| READING scroll labelled TOUCUFEIPH.
  3284 | D:4      | 3284 ||| DROPPING 2 potions of attraction.
  3343 | D:5      | Entered Level 5 of the Dungeon
  3384 | D:5      | HP: 5/35 [scorpion (4)]
  3385 | D:5      | HP: 1/35 [poisoned by a scorpion]
  3386 | D:5      | Succumbed to a scorpion's poison

Levels and vault maps discovered:
D:1:      minmay_arrival_three_doors, layout_rooms
D:2:      layout_basic, hellmonk_ecumenical_altar_inner_sanctum, serial_shops,
          nicolae_shop_peninsula, roderic_lattice_a
D:3:      layout_basic, old_standard_altar, serial_shops, shop,
          grunt_ministairs_6, st_stairs_9
D:4:      layout_loops_cross, grunt_temple_overflow_opulence,
          corexii_item_surrounded_by_moat, nicolae_titane
D:5:      layout_cave_pools, minmay_fire_ice_demons

Skill      XL: |  1  2  3  4  5 |
---------------+----------------+-----
Ranged Weapons | 6 7 8 9 |  9.9
Fighting       | 2 |  2.1
Dodging        | |  2.4
Stealth        | |  1.2

Action                     |  1- 3 |  4- 6 || total
---------------------------+-------+-------++-------
   Fire: Shortbow          |    96 |   185 ||   281
    Use: Scroll            |     6 |    11 ||    17
         Potion            |       |     4 ||     4
 Armour: Leather armour    |    13 |       ||    13
         Ring mail         |     3 |    77 ||    80
  Dodge: Dodged            |    24 |    59 ||    83

Table legend:
 A = Non-vault XP
 B = Vault XP
 C = Vault XP percentage of total XP
 D = Non-vault monster count
 E = Vault monster count
 F = Vault count percentage of total count
                 A         B        C        D         E       F
            +---------+---------+-------+---------+---------+-------
      Total |     455 |      55 |  10.8 |      76 |       5 |   6.2
            +---------+---------+-------+---------+---------+-------
        D:1 |      63 |       0 |   0.0 |      28 |       0 |   0.0
        D:2 |      61 |       0 |   0.0 |      12 |       0 |   0.0
        D:3 |      71 |      55 |  43.7 |      15 |       5 |  25.0
        D:4 |     260 |       0 |   0.0 |      21 |       0 |   0.0
            +---------+---------+-------+---------+---------+-------
